 Dungeon Crawl Stone Soup version 0.22-a0-409-gb855193 (webtiles) character file.

34 iamserjio the Skirmisher (level 3, 0/29 HPs)
             Began as a Human Wanderer on May 10, 2018.
             Slain by a hobgoblin
             ... wielding a +0 club
              (3 damage)
             ... on level 1 of the Dungeon.
             The game lasted 00:04:11 (1831 turns).

iamserjio the Skirmisher (Human Wanderer)           Turns: 1831, Time: 00:04:12

Health: 0/29       AC:  2    Str: 10    XL:     3   Next: 50%
Magic:  1/5        EV: 12    Int: 14    God:
Gold:   46         SH:  0    Dex: 13    Spells: 4/5 levels left

rFire    . . .     SeeInvis .   a - +2 dagger
rCold    . . .     Gourm    .   (no shield)
rNeg     . . .     Faith    .   e - +0 robe
rPois    .         Spirit   .   (no helmet)
rElec    .         Reflect  .   (no cloak)
rCorr    .         Harm     .   (no gloves)
MR       .....                  (no boots)
Stlth    ++........             (no amulet)
HPRegen  0.09/turn              (no ring)
MPRegen  0.09/turn              (no ring)

@: no status effects
A: no striking features
a: no special abilities


You were on level 1 of the Dungeon.
You were not hungry.

You visited 1 branch of the dungeon, and saw 1 of its levels.

You collected 46 gold pieces.

Inventory:

Hand Weapons
 a - a +2 dagger (weapon)
 c - a +0 spear
 g - a +0 dagger of protection
Armour
 e - a +0 robe (worn)
Jewellery
 i - an uncursed ring of magical power {unknown}
Potions
 b - a potion of haste
 d - a potion of magic {unknown}
 j - a potion of agility {unknown}
Comestibles
 f - 2 rations


   Skills:
 - Level 3.0 Fighting
 - Level 1.0 Dodging
 - Level 3.0 Stealth
 + Level 1.7 Spellcasting
   Level 1.0 Charms
   Level 1.0 Summonings
 * Level 2.3 Necromancy


You had 4 spell levels left.
You knew the following spells:

 Your Spells              Type           Power        Failure   Level  Hunger
a - Pain                  Necr           #...         10%         1    ##.....


Dungeon Overview and Level Annotations

Branches:
Dungeon (1/15)

Altars:


Message History

* * * LOW HITPOINT WARNING * * *
The hobgoblin barely misses you.
Casting: Pain (safe; 10% risk of failure)
Confirm with . or Enter, or press ? or * to list all spells.
Aiming: Pain (safe; 10% risk of failure)
Press: ? - help, Shift-Dir - straight line, f/p - kobold
Aim: a kobold (moderately wounded, chance to defeat MR: 71%)
The hobgoblin writhes in agony!
The hobgoblin hits you but does no damage.
You hit the hobgoblin but do no damage.
The hobgoblin is lightly wounded.
The hobgoblin closely misses you.
You hit the hobgoblin but do no damage.
The hobgoblin is lightly wounded.
The hobgoblin hits you with a club.
* * * LOW HITPOINT WARNING * * *
Your magical contamination has completely faded away.
You see here a jackal corpse.
The hobgoblin hits you with a club.
You die...

##.#####.....#.##
###>.........(....
..........#.#.#.#
#####.#..........#.###
...........#†#.......#
...........#.###.....#
....(.....#K# #.....#
####h......#g# #.#.### ..
.?.........#@# #.#.# #.
###.......#.#
#.#.########.#
#.......#.###.#.#.........
#.........................
###.............#.#######.
................#.#######.
###.............#.........
...############.####..####
... ..##......##


You could see a hobgoblin and a kobold.

Vanquished Creatures
  2 dart slugs (D:1)
  5 bats (D:1)
  2 giant cockroaches (D:1)
  2 goblins (D:1)
  2 hobgoblins (D:1)
  7 jackals (D:1)
  4 kobolds (D:1)
  A rat (D:1)
25 creatures vanquished.

Notes
Turn   | Place    | Note
-------+----------+-------------------------------------------
     0 | D:1      | iamserjio the Human Wanderer began the quest for the Orb.
     0 | D:1      | iamserjio set off with: a +2 dagger, a potion of haste, a +0 spear, a +0 robe, a ration
     0 | D:1      | Reached XP level 1. HP: 18/18 MP: 2/2
     2 | D:1      | Learned a level 1 spell: Pain
   429 | D:1      | Reached skill level 1 in Necromancy
   441 | D:1      | Reached XP level 2. HP: 21/24 MP: 0/3
  1042 | D:1      | Reached XP level 3. HP: 7/29 MP: 0/5
  1831 | D:1      | Slain by a hobgoblin

Vault maps used:
D:1:      dpeg_arrival_ternary, hex_intersection, minmay_tripent

Skill      XL: |  1  2  3 |
---------------+----------+-----
Necromancy     | 1 2 |  2.3
Fighting       | |  3.0
Dodging        | |  1.0
Stealth        | |  3.0
Spellcasting   | |  1.7
Charms         | |  1.0
Summonings     | |  1.0

Action                   || total
-------------------------++-------
Melee: Dagger            ||    67
 Cast: Pain              ||    34
  Eat: Chunk             ||     4
Armor: Robe              ||    18
Dodge: Dodged            ||    68

Table legend:
 A = Spawn XP
 B = Non-spawn XP
 C = Spawn XP percentage of total XP
 D = Spawn monster count
 E = Non-spawn monster count
 F = Spawn count percentage of total count
 G = Total turns spent on level
                    A         B        C        D         E        F      G
               +---------+---------+-------+---------+---------+-------+---------
         Total |       0 |      49 |   0.0 |       0 |      25 |   0.0 |  1831
               +---------+---------+-------+---------+---------+-------+---------
           D:1 |       0 |      49 |   0.0 |       0 |      25 |   0.0 |  1831
               +---------+---------+-------+---------+---------+-------+---------
